 Dungeon Crawl Stone Soup version 0.31-a0-233-g139696dc86 (webtiles) character file.

Game seed: 14385224727046976448

52856 dolemite99 the Party-goer (level 14, -1/140 HPs)
             Began as a Troll Hedge Wizard on July 9, 2023.
             Was a Believer of Uskayaw.
             Slain by a fire elemental (6 damage)
             ... summoned by a deep elf pyromancer
             ... on level 13 of the Dungeon on July 10, 2023.
             The game lasted 00:46:38 (27141 turns).

dolemite99 the Party-goer (Troll Hedge Wizard)     Turns: 27141, Time: 00:46:39

Health: -1/140     AC: 21    Str: 27    XL:     14   Next: 28%
Magic:  21/21      EV:  9    Int: 14    God:    Uskayaw [**....]
Gold:   639        SH:  7    Dex:  9    Spells: 8/17 levels left

rFire   . .          .
                       - Unarmed
rCold   + . .        q - +0 kite shield
rNeg    . . .        h - +4 swamp dragon scales
rPois   +            k - +2 hat
rElec   .            t - +2 cloak
rCorr   .            (gloves unavailable)
SInv    .            (boots unavailable)
Will    +....        g - amulet of faith
Stlth   +            K - +6 ring of strength
HPRegen 1.23/turn    v - ring of protection from cold
MPRegen 0.17/turn

%: faith
@: no status effects
A: large, unfitting armour, claws 3, regeneration 1, shaggy fur 1, tough skin 1
a: Renounce Religion, Stomp, Line Pass


You were on level 13 of the Dungeon.
You worshipped Uskayaw.
Uskayaw was aware of your devotion.
You visited 3 branches of the dungeon, and saw 20 of its levels.

You collected 2233 gold pieces.
You spent 1594 gold pieces at shops.

Inventory:

Hand Weapons
 a - a +0 heavy sling
 w - the +11 spear of Generosity {freeze, rElec Dex+4 SInv Stlth-}
   (You found it on level 6 of the Dungeon)

   Dex:       It affects your dexterity (+4).
   rElec:     It insulates you from electricity.
   SInv:      It lets you see invisible.
   Stlth:     It makes you less stealthy.
Missiles
 f - 2 curare-tipped darts
 m - 6 boomerangs (quivered)
 n - 10 poisoned darts
 x - 7 large rocks
 A - 5 datura-tipped darts
 G - 3 javelins
 L - 3 throwing nets
Armour
 h - +4 swamp dragon scales (worn)
 k - a +2 hat (worn)
 q - a +0 kite shield (worn)
 t - a +2 cloak (worn)
Jewellery
 g - an amulet of faith (around neck)
 v - a ring of protection from cold (right claw)
 B - a ring of protection from fire
 H - a ring of willpower
 I - a ring of flight
 K - a +6 ring of strength (left claw)
 M - a ring of see invisible
 N - a ring of wizardry
Wands
 b - a wand of paralysis (1)
 i - a wand of mindburst (9)
 j - a wand of roots (2)
 R - a wand of polymorph (7)
Scrolls
 c - 3 scrolls of poison
 s - 2 scrolls of vulnerability
 u - 6 scrolls of teleportation
 y - 2 scrolls of silence
 D - a scroll of blinking
 J - 5 scrolls of identify {@r1}
Potions
 d - 2 potions of magic
 l - 2 potions of mutation
 r - 6 potions of attraction
 z - 5 potions of resistance
 E - a potion of ambrosia
 F - a potion of brilliance
 O - a potion of enlightenment
Miscellaneous
 p - a box of beasts (inert)
 Q - a lightning rod (3/4)


   Skills:
 - Level 9.0 Fighting
 - Level 7.4 Throwing
 - Level 9.0 Armour
 - Level 5.6 Dodging
 - Level 1.0 Stealth
 + Level 3.1 Shields
 - Level 10.1 Unarmed Combat
 - Level 2.0 Spellcasting
 - Level 0.6 Conjurations
 - Level 0.6 Summonings
 - Level 1.0 Necromancy
 - Level 5.4 Translocations
 - Level 10.9 Invocations
 + Level 2.7 Evocations


You had 8 spell levels left.
You knew the following spells:

 Your Spells              Type           Power      Damage    Failure   Level
a - Blink                 Tloc           32%        N/A       11%         2
b - Magic Dart            Conj           12%        1d3       45%         1
c - Lesser Beckoning      Tloc           32%        N/A       11%         2
d - Animate Dead          Necr           4%         N/A       99%         4

Your spell library contained the following spells:

 Spells                   Type           Power      Damage    Failure   Level
 Gell's Gravitas          Tloc           16%        N/A       22%         3
 Teleport Other           Tloc           16%        N/A       22%         3
 Momentum Strike          Conj/Tloc      18%        3d8       28%         2
 Foxfire                  Conj/Fire      8%         2x1d4     52%         1
 Shock                    Conj/Air       8%         1d3       52%         1
 Beastly Appendage        Tmut           2%         N/A       54%         1
 Slow                     Hex            4%         N/A       54%         1
 Vhi's Electric Charge    Tloc/Air       18%        N/A       54%         3
 Call Imp                 Summ           6%         N/A       61%         2
 Cigotuvi's Dreadful Rot  Necr/Pois/Air  4%         N/A       65%         2
 Wereblood                Tmut           1%         N/A       69%         2
 Vampiric Draining        Necr           4%         2d6       77%         3
 Mephitic Cloud           Conj/Pois/Air  1%         N/A       88%         3
 Confusing Touch          Hex            1%         N/A       89%         3
 Spider Form              Tmut/Pois      1%         N/A       89%         3
 Swiftness                Air            1%         N/A       89%         3
 Dispel Undead            Necr           4%         3d7       99%         4
 Airstrike                Air            0%         2d(1-17)  100%        4
 Arcjolt                  Conj/Air       1%         1d11      100%        5
 Blade Hands              Tmut           0%         N/A       100%        5
 Borgnjor's Vile Clutch   Necr/Erth      1%         N/A       100%        5
 Fireball                 Conj/Fire      1%         3d3       100%        5
 Irradiate                Conj/Tmut      1%         3d12      100%        5
 Death Channel            Necr           2%         N/A       100%        6
 Plasma Beam              Fire/Air       0%         2x1d10    100%        6
 Starburst                Conj/Fire      1%         6d3       100%        6
 Dragon Form              Tmut           0%         N/A       100%        7


Dungeon Overview and Level Annotations

Branches:
Dungeon (13/15)            Temple (0/1) D:4            Lair (5/5) D:10
 Shoals (0/4) Lair:3       Spider (0/4) Lair:3          Orc (2/2) D:10
    Elf (0/3) Orc:2
  Slime: Lair:4-5    Vaults: D:13-14

Altars:
Ashenzari
Dithmenos
Fedhas
Kikubaaqudgha
Makhleb
Okawaru
Trog
Uskayaw
Vehumet
Wu Jian

Shops:
D:4 *   Orc:1 *   Orc:2 [*[*

Annotations:
D:5 2 transporters, innerfire43's ghost, amateur DsMo
D:8 3 runed translucent doors, Lance11888's ghost, novice OpDe


Innate Abilities, Weirdness & Mutations

You are too large for most types of armour.
You have claws for hands.
Your natural rate of healing is unusually fast.
You are covered in fur. (AC +1)
You have tough skin. (AC +1)


Message History

You scratch the deep elf pyromancer.
The deep elf pyromancer is severely wounded.
You are covered in liquid flames!
The fire elemental barely misses you.
The deep elf pyromancer closely misses you.
You barely miss the deep elf pyromancer.
The deep elf pyromancer is severely wounded.
You are covered in liquid flames!
The fire elemental hits you. The fire elemental burns you!
The fire elemental barely misses you.
The deep elf pyromancer gestures at you while chanting.
The bolt of fire hits you!!
You are too injured to fight recklessly!
You miss the deep elf pyromancer.
The deep elf pyromancer is severely wounded.
You are covered in liquid flames!
The fire elemental hits you. The fire elemental burns you!
The fire elemental hits you. The fire elemental burns you!
The deep elf pyromancer hits you but does no damage.
You are too injured to fight recklessly!
You completely miss the deep elf pyromancer.
The deep elf pyromancer is severely wounded.
The fire elemental hits you. The fire elemental burns you!
The fire elemental hits you. The fire elemental burns you!
The deep elf pyromancer hits you but does no damage.
The fire elemental barely misses you. The fire elemental hits you.
The fire elemental burns you!
You are too injured to fight recklessly!
You barely miss the deep elf pyromancer.
The deep elf pyromancer is severely wounded.
The fire elemental hits you. The fire elemental burns you!
The fire elemental hits you. The fire elemental burns you!
* * * LOW HITPOINT WARNING * * *
The deep elf pyromancer points at you and mumbles some strange words.
The bolt of fire hits you!!!
* * * LOW HITPOINT WARNING * * *
You closely miss the deep elf pyromancer.
The deep elf pyromancer is severely wounded.
The fire elemental hits you. x2; The fire elemental burns you!
You die...

..# # #########
#......E### #####+####
#......e@.#####........##
#......E#....##........#.
#.......####.##........#.
#......†# #.##........#.
#.......# #.##........#)
######'## #..'........'.
###)# ####........##
#.).# ####)##### #.###
#.)).#


You could see a deep elf pyromancer and 2 fire elementals.

Vanquished Creatures
  Saint Roka (Orc:2)
  Harold (D:9)
  3 boulder beetles
  2 centaur warriors
  A two-headed ogre (Orc:2)
  4 tengu warriors (D:13)
  3 death yaks
  Sonja (Lair:2)
  Amaemon (Lair:2)
  A skyshark (Lair:4)
  3 skeletal warriors (D:13)
  2 deep elf pyromancers (D:13)
  4 orc knights
  A manticore (D:12)
  An ugly thing (D:12)
  2 cyclopes
  11 elephants
  A guardian serpent (D:13)
  3 black mambas
  An orange demon (Lair:2)
  12 cane toads
  Psyche (D:10)
  An unseen horror (D:13)
  5 komodo dragons
  3 rime drakes
  Maggie (D:7)
  A meliai (Lair:3)
  A merfolk (Lair:3)
  A tyrant leech (Lair:4)
  A hornet (D:7)
  3 trolls
  Prince Ribbit (D:7)
  7 blink frogs (Lair:5)
  4 slime creatures (D:12)
  A shadow (D:10)
  2 vampires
  Eustachio (D:5)
  A basilisk (D:10)
  2 wraiths
  37 yaks
  A wyvern (D:9)
  3 vampire mosquitoes
  A steam dragon (Lair:2)
  4 wargs
  2 acid dragons
  14 water moccasins
  5 black bears
  A sky beast (D:6)
  An ice beast (D:5)
  36 orc warriors
  An ice beast (shapeshifter) (D:9)
  8 ogres
  14 wolves
  16 centaurs
  2 phantoms
  2 kobold brigands
  A scorpion (D:7)
  Blork the orc (D:5)
  9 bullfrogs
  14 wights
  3 electric eels
  8 killer bees
  4 howler monkeys
  A lava snake (D:8)
  19 orc priests
  6 hounds
  3 jellies
  Crazy Yiuf (D:3)
  2 sleepcaps
  2 iguanas
  13 orc wizards
  8 gnolls
  13 adders
  2 white imps
  An ufetubus (D:7)
  3 worms
  2 dart slugs
  89 orcs
  7 endoplasms
  10 goblins
  7 hobgoblins
  4 quokkas
  7 ball pythons
  A bat (D:1)
  A frilled lizard (D:3)
  14 kobolds
  6 rats
506 creatures vanquished.

Vanquished Creatures (collateral kills)
  A tengu conjurer (D:13)
1 creature vanquished.

Vanquished Creatures (others)
  2 centaurs (D:11)
  An orc (Orc:2)
3 creatures vanquished.

Grand Total: 510 creatures vanquished

Notes
Turn   | Place    | Note
-------+----------+-------------------------------------------
     0 | D:1      | dolemite99 the Troll Hedge Wizard began the quest for the
                  | Orb.
     0 | D:1      | Reached XP level 1. HP: 16/16 MP: 2/2
    66 | D:1      | Reached skill level 1 in Unarmed Combat
   435 | D:1      | Reached XP level 2. HP: 24/24 MP: 2/4
  1459 | D:2      | Reached XP level 3. HP: 31/31 MP: 3/5
  1959 | D:2      | Reached XP level 4. HP: 39/39 MP: 3/6
  2526 | D:3      | Learned a level 2 spell: Blink
  2565 | D:3      | Learned a level 2 spell: Lesser Beckoning
  2763 | D:3      | Found a runed translucent door.
  2764 | D:3      | Noticed Crazy Yiuf
  3175 | D:3      | Reached XP level 5. HP: 45/45 MP: 2/7
  3432 | D:3      | Found a hide-covered altar of Uskayaw.
  3432 | D:3      | Found a bloodstained altar of Trog.
  3432 | D:3      | Found a burning altar of Makhleb.
  3439 | D:3      | Became a worshipper of Uskayaw the Reveller
  3765 | D:3      | Reached * piety under Uskayaw
  3806 | D:3      | Killed Crazy Yiuf
  3806 | D:3      | Reached ** piety under Uskayaw
  3807 | D:3      | Reached skill level 5 in Unarmed Combat
  4008 | D:4      | Found a staircase to the Ecumenical Temple.
  4148 | D:4      | Found Lier's General Store.
  4260 | D:4      | Bought a scroll of fog for 40 gold pieces
  4333 | D:4      | Bought a scroll of vulnerability for 40 gold pieces
  5075 | D:5      | Entered Level 5 of the Dungeon
  5117 | D:5      | Reached XP level 6. HP: 53/53 MP: 8/8
  5131 | D:5      | Reached *** piety under Uskayaw
  5322 | D:5      | Noticed Eustachio
  5338 | D:5      | Killed Eustachio
  5338 | D:5      | Reached **** piety under Uskayaw
  5339 | D:5      | Reached XP level 7. HP: 54/59 MP: 9/9
  5394 | D:5      | Noticed Blork the orc
  5407 | D:5      | Killed Blork the orc
  5607 | D:5      | Found a transporter.
  5607 | D:5      | Noticed innerfire43's ghost (amateur DsMo)
  5612 | D:5      | Found a transporter.
  5660 | D:5      | Found a broken altar of Ashenzari.
  5661 | D:5      | Found an ancient bone altar of Kikubaaqudgha.
  6420 | D:5      | Found a shadowy altar of Dithmenos.
  6586 | D:6      | Reached XP level 8. HP: 60/67 MP: 10/10
  7111 | D:6      | Reached skill level 1 in Fighting
  7669 | D:6      | Identified the +11 spear of Generosity {freeze, rElec Dex+4
                  | SInv Stlth-}
  8086 | D:7      | Reached ***** piety under Uskayaw
  8158 | D:7      | Reached skill level 5 in Fighting
  8189 | D:7      | Reached XP level 9. HP: 88/88 MP: 9/11
  8247 | D:7      | Reached skill level 1 in Translocations
  8249 | D:7      | Noticed Prince Ribbit
  8253 | D:7      | Paralysed by a hornet for 3 turns
  8260 | D:7      | Killed Prince Ribbit
  8350 | D:7      | Noticed Maggie
  8369 | D:7      | Killed Maggie
  9394 | D:8      | Reached skill level 5 in Translocations
  9693 | D:8      | Reached skill level 1 in Armour
 10974 | D:8      | Found an iron altar of Okawaru.
 11059 | D:8      | Found a runed translucent gate.
 11060 | D:8      | Found a runed translucent gate.
 11060 | D:8      | Found a runed translucent gate.
 11064 | D:8      | Noticed Lance11888's ghost (novice OpDe)
 11698 | D:9      | Reached XP level 10. HP: 89/96 MP: 12/12
 11701 | D:9      | Reached skill level 1 in Invocations
 11774 | D:9      | You fall into a shaft and drop 3 floors!
 11936 | D:10     | Entered Level 10 of the Dungeon
 11936 | D:10     | Found a radiant altar of Vehumet.
 11967 | D:10     | Noticed Psyche
 11989 | D:10     | Killed Psyche
 12081 | D:9      | Reached skill level 5 in Invocations
 12779 | D:9      | Noticed Harold
 12795 | D:9      | Killed Harold
 12796 | D:9      | Reached skill level 5 in Armour
 13463 | D:10     | Noticed an elephant
 13681 | D:10     | Killed an elephant
 13682 | D:10     | Reached XP level 11. HP: 63/104 MP: 13/13
 13727 | D:10     | Found a staircase to the Lair.
 14050 | D:10     | Found a staircase to the Orcish Mines.
 14568 | Lair:1   | Entered Level 1 of the Lair of Beasts
 15352 | Lair:1   | Reached ****** piety under Uskayaw
 15710 | Lair:2   | Found a blossoming altar of Fedhas.
 15746 | Lair:2   | Noticed a death yak
 15752 | Lair:2   | Noticed a death yak
 15752 | Lair:2   | Noticed a death yak
 15763 | Lair:2   | Killed a death yak
 15790 | Lair:1   | Killed a death yak
 15804 | Lair:2   | Killed a death yak
 16085 | Lair:2   | Reached XP level 12. HP: 115/119 MP: 17/17
 16117 | Lair:2   | Noticed Sonja
 16123 | Lair:2   | Noticed Amaemon
 16126 | Lair:2   | Killed Sonja
 16155 | Lair:2   | Killed Amaemon
 17631 | Lair:3   | Found a hole to the Spider Nest.
 17718 | Lair:3   | Noticed a boulder beetle
 17736 | Lair:3   | Killed a boulder beetle
 17929 | Lair:3   | Reached skill level 1 in Throwing
 17954 | Lair:3   | Reached skill level 10 in Invocations
 18483 | Lair:3   | Found a staircase to the Shoals.
 19506 | Lair:4   | Reached XP level 13. HP: 46/131 MP: 19/19
 20088 | Lair:5   | Entered Level 5 of the Lair of Beasts
 20105 | Lair:5   | Reached skill level 5 in Throwing
 20978 | D:11     | Found an ornate altar of the Wu Jian Council.
 21549 | D:12     | Reached skill level 10 in Unarmed Combat
 22125 | Orc:1    | Entered Level 1 of the Orcish Mines
 22466 | Orc:2    | Entered Level 2 of the Orcish Mines
 22549 | Orc:2    | Noticed Saint Roka
 23520 | Orc:2    | Found a staircase to the Elven Halls.
 23844 | Orc:2    | Killed Saint Roka
 24421 | Orc:2    | Found Zeysmuis's Antique Armour Shop.
 24421 | Orc:2    | Found Ypnoalyr's General Store.
 24423 | Orc:2    | Found Diciseos's Armour Shoppe.
 24425 | Orc:2    | Found Lutuell's General Store.
 24517 | Orc:1    | Found Ozxaywat's CLEARANCE SALE!.
 24932 | Orc:2    | Reached skill level 5 in Dodging
 25037 | Orc:2    | Reached XP level 14. HP: 86/140 MP: 21/21
 25681 | Orc:2    | Bought a scroll of enchant armour for 90 gold pieces
 25685 | Orc:2    | Bought a scroll of teleportation for 45 gold pieces
 25685 | Orc:2    | Bought a potion of haste for 150 gold pieces
 25685 | Orc:2    | Bought a scroll of identify for 30 gold pieces
 25690 | Orc:2    | Bought a wand of mindburst (9) for 151 gold pieces
 25690 | Orc:2    | Bought a book of Unlife for 432 gold pieces
 25696 | Orc:2    | Learned a level 4 spell: Animate Dead
 25697 | Orc:2    | Bought a wand of roots (5) for 144 gold pieces
 25931 | D:4      | Bought a box of beasts for 400 gold pieces
 25935 | D:4      | Bought a wand of roots (3) for 72 gold pieces
 26219 | D:13     | Reached skill level 1 in Necromancy
 26328 | D:13     | Reached skill level 1 in Evocations
 26332 | D:13     | Reached skill level 1 in Shields
 27140 | D:13     | HP: 3/140 [deep elf pyromancer/bolt of fire (38)]
 27141 | D:13     | Slain by a fire elemental

Illustrated notes

Levels and vault maps discovered:
D:1:      dpeg_arrival_refuge, layout_loops_corners, chequers_arboretum,
          minmay_3d_cube
D:2:      layout_basic
D:3:      layout_basic, gammafunk_temple_overflow_claw, uniq_crazy_yiuf_cottage
D:4:      layout_cave_pods, minmay_temple_entry_proselytizer, serial_shops,
          nicolae_shop_tiny_glass
D:5:      layout_basic, grunt_dithmenos_smoke_and_mirrors,
          mainiacjoe_overflow_divided_tiny, gammafunk_ghost_mausoleum,
          kennysheep_small_circle, uniq_eustachio, uniq_blork_the_orc
D:6:      layout_basic, hangedman_decor_riveting, amcnicky_mini_pool_small
D:7:      layout_basic, st_stairs_5, uniq_maggie, uniq_prince_ribbit1
D:8:      layout_layer_cave, okawaru_ov_weapons_minmay,
          gammafunk_ghost_necromancy, hellmonk_bongcloud_opening,
          serial_bayou_ford_a, kennysheep_generic_room_2
D:9:      layout_roguey, grunt_tough_drop, uniq_harold
D:10:     layout_rooms, fiery_altar_vehumet, david_lair_generic,
          hiddenorc1_lemuel, uniq_psyche
D:11:     layout_cave_pools, gauntlet_entry_generic, nzn_wu_jian_contemplation
D:12:     layout_irregular_city, amcnicky_mini_corridor_feature
D:13:     layout_roguey, nrook_guardian_serpent_ordinary
Lair:1:   layout_long_grid
Lair:2:   layout_hall_layers, basic_altar, uniq_sonja, uniq_amaemon
Lair:3:   layout_cave_pods, elwin_shoals_entry_rooms,
          hellmonk_spider_entry_not_the_bees
Lair:4:   layout_long_grid, infiniplex_staircase_pool_2
Lair:5:   minmay_lair_end_frog_pond, layout_regular_city,
          minmay_slime_entry_pillars, dreamdust_wasp_nest
Orc:1:    layout_caves, nicolae_shop_clearance
Orc:2:    st_orc_rangers, layout_caves, uniq_saint_roka

Skill      XL: |  1  2  3  4  5  6  7  8  9 10 11 12 13 14 |
---------------+-------------------------------------------+-----
Unarmed Combat | 1 2 3 4 6 7 9 10 | 10.1
Fighting       | 5 8 9 |  9.0
Translocations | 5 |  5.4
Armour         | 3 6 7 9 |  9.0
Invocations    | 5 8 10 | 10.9
Dodging        | 4 5 |  5.6
Throwing       | 4 7 |  7.4
Necromancy     | 1 |  1.0
Evocations     | 2 |  2.7
Shields        | 3 |  3.1
Stealth        | |  1.0
Spellcasting   | |  2.0
Conjurations   | |  0.6
Summonings     | |  0.6

Action                     |  1- 3 |  4- 6 |  7- 9 | 10-12 | 13-15 || total
---------------------------+-------+-------+-------+-------+-------++-------
  Melee: Unarmed           |    77 |   120 |   202 |   616 |   513 ||  1528
         Punch             |     1 |     2 |     7 |    45 |    26 ||    81
         Spear             |       |       |    63 |       |       ||    63
   Fire: Sling             |       |    12 |    81 |       |       ||    93
  Throw: Dart              |       |       |    11 |   136 |    75 ||   222
         Throwing net      |       |       |     1 |       |       ||     1
         Javelin           |       |       |       |    16 |       ||    16
         Boomerang         |       |       |       |       |    75 ||    75
         Large rock        |       |       |       |       |    22 ||    22
   Cast: Magic Dart        |    41 |    41 |    41 |     1 |       ||   124
 Invoke: Line Pass         |       |       |     1 |       |       ||     1
         Stomp             |       |       |       |    26 |    22 ||    48
         Grand Finale      |       |       |       |       |     1 ||     1
  Evoke: Wand              |       |       |       |     3 |     9 ||    12
         Lightning rod     |       |       |       |       |     5 ||     5
         Box of beasts     |       |       |       |       |     1 ||     1
    Use: Scroll            |     3 |     5 |     7 |    15 |    12 ||    42
         Potion            |       |       |     2 |     6 |     9 ||    17
   Stab: Distracted        |       |     1 |       |       |       ||     1
         Paralysed         |       |     2 |     8 |    37 |    34 ||    81
 Armour: Robe              |    19 |    42 |    67 |       |       ||   128
         Swamp dragon scal |       |       |    87 |   453 |   410 ||   950
         Skin              |       |       |       |     2 |       ||     2
  Dodge: Dodged            |    39 |    62 |   232 |   368 |   328 ||  1029
  Block: Kite shield       |       |       |       |       |    19 ||    19

Table legend: (Time is in decaauts)
 A = Elapsed time spent in this place.
 B = Non-inter-level travel time spent in this place.
 C = Inter-level travel time spent in this place.
 D = Time resting spent in this place.
 E = Time spent auto-exploring this place.
 F = Levels seen in this place.
 G = Mean time per level.
                   A        B        C        D        E       F      G
               +--------+--------+--------+--------+--------+-----+--------+
         Total |  26992 |  25722 |   1270 |   9398 |  10895 |  20 | 1349.6 |
       Dungeon |  17587 |  16670 |    917 |   5675 |   7730 |  13 | 1352.8 |
          Lair |   6070 |   5830 |    240 |   2117 |   2423 |   5 | 1214.0 |
  Orcish Mines |   3333 |   3222 |    111 |   1605 |    742 |   2 | 1666.5 |
               +--------+--------+--------+--------+--------+-----+--------+

Top non-repeatable levels by time:
     D:8: 2900 daAuts
   Orc:2: 1982 daAuts
    D:10: 1903 daAuts
  Lair:3: 1837 daAuts
     D:3: 1583 daAuts
  Lair:4: 1539 daAuts
     D:5: 1529 daAuts
     D:1: 1448 daAuts
   Orc:1: 1350 daAuts
     D:6: 1350 daAuts
  Lair:2: 1308 daAuts
     D:4: 1211 daAuts
  Lair:1: 1159 daAuts
     D:7: 1140 daAuts
     D:9: 1012 daAuts
